Map: Attrape-rêves EC

Players

harstem

  • Race: Protoss Protoss
  • Spawn Location: 5:00

Denver - Winner!

  • Race: Zerg Zerg
  • Spawn Location: 11:00

Event: WCS Montreal 2018

VOD

Have the link to the VOD?

Description

Time

  • Played on: Sept. 7, 2018, 1:23 p.m.
  • Length: 12:19

All games in this series

Show
View Real Time Build Order
Export as new Build Order

harstem Protoss 

Build Orders: 1 Gate Expand, Oracle Opening, Phoenix Opening, Archon Immortal, Zealot Archon 

Get SALT Encoding   

  12  0:01  Probe  
  13  0:13  Probe  
  14  0:18  Pylon  
  14  0:25  Probe  
  15  0:33  Probe  
  15  0:38  Gateway  
  15  0:41  Probe  
  16  0:48  Assimilator  
  17  0:51  Probe  
  18  1:03  Probe  
  19  1:16  Probe  
  20  1:25  Nexus  
  20  1:36  Cybernetics Core  
  20  1:39  Probe  
  21  1:47  Assimilator  
  21  1:51  Probe  
  22  1:55  Pylon  
  22  2:03  Probe  
  22  2:04  Adept  
  25  2:16  Probe  
  25  2:19  Stargate  
  26  2:28  Probe  
  26  2:29  Warp Gate  
  27  2:34  Adept  
  27  2:35  Probe  
  28  2:40  Probe  
  28  2:43  Probe  
  31  2:52  Probe  
  31  2:53  Probe  
  31  2:56  Phoenix  
  33  3:04  Probe  
  36  3:05  Probe  
  36  3:09  Oracle  
  37  3:14  Pylon  
  37  3:16  Probe  
  37  3:17  Probe  
  42  3:28  Probe  
  42  3:30  Probe  
  44  3:36  Oracle  
  44  3:40  Probe  
  45  3:43  Gateway x2  
  48  3:50  Probe  
  48  3:52  Pylon  
  49  3:58  Probe  
  49  4:00  Assimilator  
  50  4:03  Assimilator  
  50  4:06  Probe  
  51  4:10  Pylon  
  51  4:14  Probe  
  52  4:18  Probe  
  52  4:21  Pylon  
  53  4:26  Probe  
  53  4:30  Probe  
  55  4:34  Adept  
  57  4:40  Adept x2  
  61  4:46  Pylon  
  61  4:52  Probe  
  62  4:53  Probe  
  62  4:54  Nexus  
  62  4:57  Robotics Facility  
  63  5:00  Robotics Facility  
  63  5:04  Probe, Forge  
  63  5:05  Probe  
  65  5:16  Probe  
  65  5:17  Probe  
  67  5:21  Sentry  
  67  5:22  Pylon, Sentry, Zealot  
  73  5:28  Probe  
  73  5:33  Probe  
  73  5:40  Probe  
  74  5:45  Probe  
  74  5:46  Immortal, Zealot x2, Pylon  
  74  5:47  Zealot  
  81  5:52  Probe  
  86  5:58  Immortal  
  86  6:00  Probe  
  86  6:01  Protoss Ground Weapons Level 1, Probe  
  86  6:03  Pylon, Probe  
  91  6:08  Probe  
  91  6:10  Probe  
  93  6:12  Twilight Council  
  95  6:25  Probe x2  
  96  6:26  Probe  
  96  6:27  Assimilator  
  96  6:28  Immortal  
  96  6:32  Assimilator  
  102  6:34  Sentry x2, Zealot  
  102  6:37  Probe, Observer  
  102  6:38  Probe  
  102  6:39  Gateway  
  111  6:40  Pylon  
  111  6:42  Probe  
  112  6:49  Probe, Charge  
  112  6:50  Probe  
  112  6:52  Templar Archives  
  114  6:54  Probe  
  115  7:05  Immortal  
  119  7:10  Probe x2  
  119  7:14  Gateway  
  119  7:15  Pylon  
  121  7:16  Gateway  
  121  7:17  Shield Battery  
  119  7:31  Phoenix  
  119  7:33  Pylon  
  119  7:34  High Templar x2, Gateway  
  119  7:37  Shield Battery, Gateway  
  123  7:38  Shield Battery  
  123  7:40  Pylon  
  125  7:45  Archon  
  125  7:46  High Templar x2  
  125  7:48  Immortal, Pylon  
  133  7:51  Photon Cannon  
  133  7:54  Phoenix  
  133  7:57  Archon  
  133  7:59  Protoss Ground Weapons Level 2  
  133  8:00  Probe  
  133  8:01  Pylon  
  133  8:04  Photon Cannon  
  136  8:13  Phoenix  
  138  8:21  Shield Battery  
  138  8:29  Colossus  
  138  8:30  Phoenix  
  130  8:43  Shield Battery  
  130  8:44  Stalker x4  
  138  8:50  Phoenix  
  138  8:52  Warp Prism  
  138  8:54  Probe  
  138  8:58  Probe x2  
  134  9:07  Probe  
  135  9:10  Phoenix, Probe x2  
  139  9:19  Probe  
  139  9:20  High Templar x4, Immortal  
  139  9:21  Zealot x4  
  139  9:22  Probe  
  155  9:24  Psionic Storm  
  155  9:25  Archon  
  155  9:26  Archon  
  155  9:27  Probe  
  155  9:29  Pylon  
  155  9:30  Pylon  
  156  9:32  Pylon  
  156  9:35  Probe  
  156  9:38  Immortal, Pylon  
  161  9:42  Pylon  
  161  9:50  Probe  
  166  9:59  High Templar x2  
  170  10:05  Nexus  
  170  10:10  Zealot x2  
  174  10:17  Immortal  
  174  10:18  Immortal  
  182  10:27  High Templar  
  182  10:29  Zealot x3  
  181  10:49  Zealot x2  
  178  10:50  Zealot x4  
  178  10:51  Probe  
  182  11:04  Immortal  
  169  11:09  Zealot  
  142  11:16  Zealot x4  
  128  11:20  Immortal  
  128  11:21  Probe x2  
  128  11:32  High Templar  
  129  11:33  Probe x3  
  126  11:40  Zealot x4  
  126  11:45  Probe  
  117  11:54  Probe x2  
  115  11:57  Probe  
  121  12:05  Zealot  
  121  12:06  Sentry, Zealot x3, Probe  
Show
View Real Time Build Order
Export as new Build Order

Denver Zerg - Winner!

Build Orders: Hatch First, Lurkers, Roach Hydra 

Get SALT Encoding   

  12  0:01  Drone  
  13  0:13  Overlord  
  13  0:17  Drone  
  14  0:31  Drone x2  
  16  0:48  Hatchery  
  15  0:52  Drone  
  15  0:56  Drone  
  17  0:59  Drone  
  18  1:09  Extractor  
  17  1:15  Spawning Pool  
  17  1:18  Drone  
  17  1:22  Drone  
  18  1:30  Drone  
  19  1:40  Drone  
  20  1:51  Overlord  
  20  2:01  Drone  
  21  2:02  Queen x2  
  21  2:03  Zergling x2  
  26  2:09  Metabolic Boost  
  26  2:13  Zergling x2  
  27  2:15  Drone  
  28  2:24  Drone  
  28  2:25  Drone  
  30  2:38  Hatchery  
  30  2:40  Drone  
  30  2:43  Drone  
  31  2:45  Drone  
  31  2:50  Overlord  
  32  2:57  Queen  
  34  3:01  Drone  
  34  3:03  Drone  
  36  3:12  Drone x4  
  40  3:13  Drone  
  40  3:17  Overlord  
  41  3:21  Drone  
  41  3:24  Drone  
  43  3:27  Overlord  
  43  3:31  Drone  
  44  3:35  Queen  
  44  3:39  Drone  
  47  3:41  Spore Crawler  
  47  3:43  Overlord  
  47  3:45  Drone  
  47  3:46  Drone  
  47  3:49  Spore Crawler  
  47  3:51  Drone  
  47  3:52  Drone  
  47  3:54  Drone  
  49  3:59  Queen  
  51  4:06  Drone x2  
  51  4:09  Drone  
  54  4:10  Extractor  
  54  4:16  Drone x4  
  56  4:21  Spore Crawler  
  56  4:22  Overlord  
  56  4:25  Extractor, Drone x3  
  56  4:30  Lair  
  57  4:33  Overlord  
  57  4:38  Drone x2  
  57  4:39  Drone  
  57  4:40  Extractor  
  57  4:41  Roach Warren  
  58  4:46  Zergling x2  
  58  4:47  Zergling x6  
  58  4:51  Drone x2  
  60  4:54  Zergling x4  
  60  4:57  Drone x2  
  60  4:58  Drone  
  65  5:03  Zergling x2  
  65  5:04  Zergling x2  
  65  5:05  Drone  
  68  5:07  Drone x2  
  68  5:09  Drone x2  
  68  5:11  Drone x2  
  74  5:20  Extractor  
  73  5:21  Overlord  
  73  5:24  Drone  
  73  5:25  Drone  
  73  5:29  Glial Reconstitution  
  73  5:33  Drone  
  73  5:34  Drone x6  
  79  5:39  Overlord  
  79  5:40  Overlord  
  79  5:42  Hatchery  
  77  5:46  Roach  
  77  5:47  Roach  
  77  5:48  Roach  
  81  5:53  Overlord  
  81  5:54  Overlord  
  77  5:58  Hydralisk Den  
  77  5:59  Drone x5  
  77  6:02  Extractor  
  77  6:03  Queen  
  82  6:11  Spire  
  81  6:14  Roach x3  
  81  6:17  Extractor, Drone  
  81  6:18  Drone  
  87  6:19  Drone, Evolution Chamber  
  87  6:23  Drone x3  
  87  6:26  Drone x2  
  87  6:27  Drone  
  87  6:28  Drone  
  87  6:31  Spore Crawler  
  90  6:33  Drone  
  90  6:34  Drone x3  
  90  6:39  Overseer, Overlord  
  94  6:41  Pneumatized Carapace  
  94  6:43  Roach  
  96  6:47  Roach  
  96  6:48  Roach  
  96  6:50  Zerg Missile Weapons Level 1  
  100  6:54  Grooved Spines  
  100  6:57  Roach  
  100  6:58  Roach x2  
  106  7:06  Extractor  
  106  7:07  Extractor  
  100  7:10  Roach x8  
  100  7:13  Overlord  
  116  7:18  Overlord  
  116  7:19  Zergling x2  
  116  7:20  Zergling x4  
  119  7:25  Overlord  
  119  7:32  Zerg Flyer Weapons Level 1  
  119  7:33  Mutalisk x5  
  119  7:36  Overlord  
  129  7:38  Mutalisk  
  129  7:39  Mutalisk  
  133  7:46  Mutalisk  
  133  7:50  Drone x7  
  142  7:53  Mutalisk  
  142  7:54  Mutalisk  
  146  7:59  Mutalisk  
  146  8:02  Mutalisk  
  147  8:08  Hydralisk x2  
  147  8:10  Overlord x2  
  151  8:17  Hydralisk  
  151  8:18  Hydralisk  
  151  8:19  Lurker Den  
  144  8:34  Hydralisk x7  
  144  8:39  Hydralisk x2  
  162  8:41  Overlord x2  
  162  8:47  Hydralisk x2  
  162  8:48  Hydralisk x2  
  168  9:00  Hydralisk x5  
  178  9:06  Muscular Augments  
  176  9:12  Hydralisk x3  
  176  9:14  Overlord  
  176  9:16  Overlord  
  180  9:23  Hydralisk x5  
  186  9:26  Overlord  
  186  9:30  Hydralisk x3  
  193  9:45  Lurker x3  
  193  9:50  Hatchery  
  193  9:51  Zerg Missile Weapons Level 2  
  192  10:04  Lurker x2  
  192  10:11  Lurker x2  
  192  10:12  Zergling x12  
  200  10:18  Overseer  
  192  10:37  Zergling x2  
  192  10:38  Zergling x22  
  188  10:56  Zergling x24  
  188  11:05  Hydralisk x5, Zergling x6  
  188  11:06  Zergling x8  
  182  11:12  Hydralisk  
  182  11:13  Hydralisk x12  
  182  11:17  Hydralisk x2  
  182  11:24  Hydralisk x4  
  178  11:32  Hydralisk x3  
  170  11:40  Hydralisk x4  
  170  11:45  Hydralisk x2  
  167  11:50  Zergling x10  
  164  11:57  Zergling x14  
Tags
 
Add a new tag
Caveats
  • Supply blocks, unpowered buildings, or Contaminate may cause inaccurate times.
  • Supply counts are checked every 10 seconds.